 Dungeon Crawl Stone Soup version 0.18-a0-596-g6468885 (webtiles) character file.

113 M4edhros the Charlatan (level 4, -3/28 HPs)
             Began as an Octopode Artificer on Dec 3, 2015.
             Killed by nerve-wracking pain
             ... invoked by Grinder
              (8 damage)
             ... on level 4 of the Dungeon.
             The game lasted 00:03:41 (2464 turns).

M4edhros the Charlatan (Octopode Artificer)         Turns: 2464, Time: 00:03:41

Health: -3/28      AC:  6    Str: 10    XL:     4   Next: 96%
Magic:  7/7        EV: 12    Int: 15    God:
Gold:   70         SH:  0    Dex: 12    Spells: 0 memorised, 3 levels left

rFire  . . .     SeeInvis .     q - +0 flail (protect)
rCold  + . .     Clarity  .     (no shield)
rNeg   . . .     SustAt   .     (helmet restricted)
rPois  .         Gourm    .     (no amulet)
rElec  .         Spirit   .     n - ring of protection from cold
rCorr  .         Dismiss  .     (no ring)
rMut   .         Stasis   .     (no ring)
MR     .....                    (no ring)
Stlth  ++++......               (no ring)
                                (no ring)
                                (no ring)
                                (no ring)

@: not resistant to hostile enchantments, stealthy
A: almost no armour, amphibious, 8 rings, constrict 8, camouflage 1, gelatinous
body 1
a: no special abilities


You were on level 4 of the Dungeon.
You were not hungry.

You visited 1 branch of the dungeon, and saw 4 of its levels.

You collected 70 gold pieces.

Inventory:

Hand Weapons
 a - a +0 short sword
 e - a +4 quarterstaff of chaos
 q - a +0 flail of protection (weapon)
Missiles
 f - 114 stones (quivered)
Jewellery
 n - a ring of protection from cold (left tentacle)
Wands
 b - a wand of flame (6)
 c - a wand of enslavement (14)
 d - a wand of random effects (10)
Scrolls
 g - 2 scrolls of teleportation {unknown}
 k - 2 scrolls of fear {unknown}
 l - a scroll of recharging {unknown}
 m - 2 scrolls of immolation {unknown}
 o - a scroll of amnesia {unknown}
 p - a scroll of random uselessness {unknown}
 t - a scroll of identify {unknown}
Potions
 h - a potion of degeneration {unknown}
 i - 3 potions of resistance {unknown}
 j - 2 potions of cure mutation {unknown}
 r - a potion of mutation {unknown}
Comestibles
 s - a bread ration


   Skills:
 - Level 1.0 Fighting
 - Level 1.0 Short Blades
 - Level 2.0 Dodging
 + Level 4.5 Stealth
 + Level 4.9 Evocations


You had 3 spell levels left.
You didn't know any spells.

Dungeon Overview and Level Annotations

Branches:
Dungeon (4/15)
 Temple: D:4-7

Altars:
Elyvilon
Gozag
Nemelex Xobeh
Okawaru
Ru

Annotations:
D:4 Grinder


Innate Abilities, Weirdness & Mutations

You cannot wear most types of armour.
You are amphibious.
You can wear up to eight rings at the same time.
You can use your tentacles to constrict eight enemies at once.
Your skin changes colour to match your surroundings (Stealth).
Your rubbery body absorbs attacks (AC +1).


Message History

Press: ? - help, Shift-Dir - straight line, f/p - Grinder
Aim: Grinder (lightly wounded) Grinder struggles to resist.
This wand has 11 charges left.
Evoke which item? (* to show all) (? for menu, Esc to quit)
Zapping:
d - a wand of random effects (11)
Press: ? - help, Shift-Dir - straight line, f/p - Grinder
Aim: Grinder (lightly wounded)
The fireball explodes!
The fireball engulfs Grinder.
Grinder is heavily wounded.
This wand has 10 charges left.
Evoke which item? (* to show all) (? for menu, Esc to quit)
Zapping:
b - a wand of flame (7)
Press: ? - help, Shift-Dir - straight line, f/p - Grinder
Aim: Grinder (heavily wounded)
The puff of flame hits Grinder.
Grinder is severely wounded.
This wand has 6 charges left.
Grinder gestures at you. Pain shoots through your body!
You die...

..# #...'....#
#.#####.###....####
#'##...........'..# #
##.............##.# ..
.#.........######.###...
##....#.).[...<.........
.#....#.#+######........
.#....#...# #........
.#....##### #@.5.....
##....# #.#####..
......# #.# .. ......#
#+# #####.# ..###+##
........ #.. ........#
#.. ........# #.#


You could see Grinder.

Vanquished Creatures
  Crazy Yiuf (D:3)
  An orc wizard (D:4)
  2 adders
  A worm (D:4)
  A giant gecko (D:1)
  An orc (D:3)
  3 giant cockroaches
  2 goblins (D:1)
  6 hobgoblins
  4 bats
  2 giant newts
  7 kobolds
  A quokka skeleton (D:4)
  5 rats
37 creatures vanquished.

Vanquished Creatures (collateral kills)
  A giant cockroach (D:1)
  A kobold (D:1)
2 creatures vanquished.

Grand Total: 39 creatures vanquished

Notes
Turn   | Place    | Note
--------------------------------------------------------------
     0 | D:1      | M4edhros the Octopode Artificer began the quest for the Orb.
     0 | D:1      | Reached XP level 1. HP: 13/13 MP: 3/3
   210 | D:1      | Reached XP level 2. HP: 9/18 MP: 4/4
   825 | D:1      | Reached skill level 4 in Evocations
   920 | D:1      | Reached XP level 3. HP: 11/23 MP: 6/6
  1176 | D:2      | Found a white marble altar of Elyvilon.
  1573 | D:3      | Found an iron altar of Okawaru.
  1777 | D:3      | Noticed Crazy Yiuf
  1788 | D:3      | Killed Crazy Yiuf
  1788 | D:3      | Reached XP level 4. HP: 18/28 MP: 7/7
  2226 | D:4      | Found a sparkling altar of Nemelex Xobeh.
  2243 | D:4      | Found an opulent altar of Gozag.
  2284 | D:4      | Noticed Grinder
  2328 | D:4      | Found a sacrificial altar of Ru.
  2451 | D:4      | Paralysed by Grinder for 4 turns
  2464 | D:4      | Killed from afar by Grinder

Vault maps used:
D:1:      ncdulo_lavacross
D:2:      elyvilon_altar_5
D:3:      grunt_temple_overflow_order_and_chaos_2, okawaru_trees_1,
          uniq_crazy_yiuf_cottage
D:4:      kennysheep_little_box, nicolae_gozag_cash_rules_everything_around_me,
          nicolae_ru_great_annihilating_truth,
          nemelex_xobeh_ov_fountains_minmay, first_bread, uniq_grinder

Action                   |  1- 3 |  4- 6 || total
-------------------------+-------+-------++-------
Melee: Short sword       |    62 |       ||    62
       Flail             |       |    25 ||    25
       Quarterstaff      |       |     2 ||     2
Evoke: Wand              |     4 |    11 ||    15
 Stab: Sleeping          |     6 |     6 ||    12
  Eat: Bread ration      |     1 |       ||     1
